 Dungeon Crawl Stone Soup version 0.19-a0-1206-g6bcb79c (webtiles) character file.

7983 Gorice the Basher (level 11, -3/89 HPs)
             Began as a Demonspawn Monk on Aug 21, 2016.
             Was an Elder of Okawaru.
             Slain by a troll (11 damage)
             ... on level 10 of the Dungeon.
             The game lasted 00:46:18 (13597 turns).

Gorice the Basher (Demonspawn Monk)                Turns: 13597, Time: 00:46:18

Health: -3/89      AC: 16    Str: 14    XL:     11   Next: 3%
Magic:  11/12      EV: 14    Int: 11    God:    Okawaru [****..]
Gold:   521        SH:  0    Dex: 16    Spells: 0 memorised, 10 levels left

rFire  + . .     SeeInvis +     a - +0 morningstar
rCold  . . .     Gourm    .     q - +0 scale mail
rNeg   . . .     Faith    .     (no shield)
rPois  .         Spirit   .     (helmet restricted)
rElec  .         Dismiss  .     s - +1 cloak
rCorr  .         Reflect  .     i - +0 pair of gloves
MR     .....     Harm     .     y - +2 pair of boots
Stlth  +++.......               (no amulet)
                                m - ring of see invisible
                                Q - ring of stealth

@: heroism
A: horns 2, talons 1, rough black scales 1, fire resistance 1, powered by pain
1, flame cloud immunity
a: Heroism, Renounce Religion


You were on level 10 of the Dungeon.
You worshipped Okawaru.
Okawaru was greatly pleased with you.
You were not hungry.

You visited 2 branches of the dungeon, and saw 12 of its levels.

You collected 521 gold pieces.

Inventory:

Hand Weapons
 a - a +0 morningstar (weapon)
 b - a +0 hand crossbow
 x - a +1 mace
 B - a +0 blowgun
 H - a +1 mace of protection {wight}
   (You took it off a wight on level 6 of the Dungeon)
 S - a +0 flail
Missiles
 e - 23 tomahawks (quivered)
 L - 32 poisoned needles
 P - 4 javelins of returning
 R - 42 bolts
 Y - a throwing net
 Z - 267 stones
Armour
 f - a +0 plate armour of positive energy
   (You took it off an orc warrior on level 10 of the Dungeon)
 i - a +0 pair of gloves (worn)
 q - a +0 scale mail (worn)
 s - a +1 cloak (worn)
 y - a +2 pair of boots (worn)
 C - a +0 chain mail
Jewellery
 m - a ring of see invisible (right hand)
 Q - a ring of stealth (left hand)
Wands
 j - a wand of hasting (4/9) {!d}
 o - a wand of flame (33/48)
 A - a wand of digging (17/24)
 E - a wand of paralysis (8/24)
 G - a wand of iceblast (8/15)
 I - a wand of lightning (8/15)
 M - a wand of acid (7/15)
 N - a wand of lightning (9/15)
Scrolls
 r - 2 scrolls of enchant weapon
 u - a scroll of amnesia
 v - a scroll of magic mapping {!r}
 J - a scroll of teleportation {!r}
Potions
 g - 2 potions of heal wounds {!q}
 h - a potion of lignification {!q}
 k - 2 potions of resistance {!q}
 p - 2 potions of curing
 w - a potion of brilliance {!q}
 F - 2 potions of flight
 K - a potion of magic {!q}
Books
 z - a book of the Sky
Comestibles
 c - 13 bread rations {!e}
 d - 6 fruits
 l - 2 beef jerkies
 n - a chunk of flesh
 t - 9 meat rations {!e}


   Skills:
 + Level 9.0(14.0) Fighting
 * Level 13.3(18.3) Maces & Flails
 - Level 2.6(7.6) Dodging
 - Level 1.7(6.7) Stealth
 - Level 2.0 Invocations


You had 10 spell levels left.
You didn't know any spells.

Dungeon Overview and Level Annotations

Branches:
Dungeon (11/15)            Temple (1/1) D:7            Lair (0/6) D:10
    Orc: D:9-12

Altars:
Ashenzari
Cheibriados
Dithmenos
Elyvilon
Fedhas
Gozag
Hepliaklqana
Kikubaaqudgha
Makhleb
Nemelex Xobeh
Okawaru
Qazlal
Ru
Sif Muna
Trog
Uskayaw
Vehumet
Xom
Yredelemnul
Zin
The Shining One

Shops:
D:4 *

Annotations:
D:6 1 runed door, exclusions: slave and wight
D:9 4 runed doors; vpUX: zoo, Ferkelamun's ghost, journeyman HuFi
D:10 exclusion: oklob plant, Urug
D:11 Harold


Innate Abilities, Weirdness & Mutations

You have a pair of horns on your head.
You are partially covered in rough black scales. (AC +2, Dex -1)
Your flesh is heat resistant. (rF+)
You sometimes gain a little power by taking damage.
You are immune to clouds of flame.
You have sharp toenails.


Message History

You hit the troll but do no damage. You barely miss the troll.
The troll barely misses you. The troll closely misses you.
The troll claws you but does no damage.
You barely miss the troll. You headbutt the troll!
The troll is moderately wounded.
The troll bites you!
* * * LOW HITPOINT WARNING * * *
The troll claws you but does no damage. The troll closely misses you.
Damage: 13 (max 24) Unknown command.
You closely miss the troll.
You headbutt the troll, but do no damage.
The troll is moderately wounded.
You hit the troll.
The troll is moderately wounded.
The troll bites you but does no damage. The troll claws you but does no damage.
The troll barely misses you.
You hit the troll.
The troll is moderately wounded.
The troll bites you.
* * * LOW HITPOINT WARNING * * *
The troll barely misses you. The troll claws you but does no damage.
Damage: 1 (max 24)
You hit the troll.
The troll is heavily wounded.
The troll bites you!
* * * LOW HITPOINT WARNING * * *
The troll claws you but does no damage. x2
Damage: 7 (max 24)
You barely miss the troll. You headbutt the troll.
The troll is severely wounded.
Unknown command.
You sock the troll!
The troll is almost dead.
The troll closely misses you. The troll claws you but does no damage.
The troll barely misses you.
You closely miss the troll. Your headbutt misses the troll.
The troll is almost dead.
The troll misses you. The troll closely misses you. The troll claws you.
* * * LOW HITPOINT WARNING * * *
Damage: 2 (max 24) Unknown command.
You barely miss the troll. You headbutt the troll.
The troll is almost dead.
You hit the troll but do no damage.
The troll is almost dead.
The troll bites you!
* * * LOW HITPOINT WARNING * * *
The troll claws you!
You die...

.#......##....##P.P##....### #...
.#..........#...PPP...#....###...
.#......##..#...P>PP..#..#...#)..
............#..PPPP...#..###.'...
........##....##PP.##....# ###...
...............#...#.....# ####
.##.#.#####..#.......#...#
.##...#####...#######...### #
................@T...>....# #
#+#.############..........# #
...........###............#######
...........'...#.........[..##...
...........#####..........#......
...........# #..........####...
...........# #..........# #...
...........#####..........# ####
..........................#


You could see a troll.

Vanquished Creatures
  An unseen horror (D:10)
  The ghost of epen the Poker, a novice MfMo of Hepliaklqana (D:6)
  A hill giant (D:10)
  A merfolk (D:9)
  2 trolls (D:10)
  A two-headed ogre (D:7)
  A wyvern (D:10)
  5 yaks (D:9)
  A water moccasin (D:7)
  3 ice beasts
  2 orc warriors
  3 sky beasts
  2 eyes of draining
  2 phantoms
  5 ogres
  4 centaurs
  2 big kobolds
  5 giant frogs
  A scorpion (D:8)
  4 wights
  3 howler monkeys
  A giant frog zombie (D:10)
  A centaur zombie (D:7)
  5 crimson imps
  A quasit (D:9)
  5 jellies
  Crazy Yiuf (D:6)
  5 hounds
  9 orc priests
  12 orc wizards
  4 giant frog skeletons
  5 iguanas
  10 worker ants
  A killer bee zombie (D:5)
  A hound zombie (D:10)
  2 hound skeletons
  A worker ant zombie (D:7)
  7 gnolls
  6 adders
  3 shadow imps
  An ooze (D:1)
  An adder skeleton (D:6)
  2 adder zombies
  2 worms
  6 giant geckos
  44 orcs
  6 bats
  6 giant cockroaches
  10 hobgoblins
  10 jackals
  7 quokkas
  4 ball pythons
  5 giant newts
  8 goblins (D:1)
  16 kobolds
  8 rats
266 creatures vanquished.

Vanquished Creatures (others)
  A worker ant (D:7)
  An orc (D:7)
2 creatures vanquished.

Grand Total: 268 creatures vanquished

Notes
Turn   | Place    | Note
-------+----------+-------------------------------------------
     0 | D:1      | Gorice the Demonspawn Monk began the quest for the Orb.
     0 | D:1      | Reached XP level 1. HP: 18/18 MP: 1/1
    52 | D:1      | Reached skill level 3 in Maces & Flails
    83 | D:1      | Gained mutation: Your flesh is heat resistant. (rF+) [demonic ancestry]
    83 | D:1      | Reached XP level 2. HP: 21/24 MP: 2/2
   823 | D:1      | HP: 6/24 [goblin/club (3)]
   824 | D:1      | Gained mutation: You are partially covered in rough black scales. (AC +2, Dex -1) [demonic ancestry]
   824 | D:1      | Reached XP level 3. HP: 7/29 MP: 3/3
  1417 | D:2      | Reached skill level 4 in Maces & Flails
  1448 | D:2      | Found a blossoming altar of Fedhas.
  2524 | D:3      | --typical, go M&F and the 1st decent wpn found is a scimitar!
  2529 | D:3      | Gained mutation: You sometimes gain a little power by taking damage. [demonic ancestry]
  2529 | D:3      | Reached XP level 4. HP: 32/35 MP: 4/4
  3252 | D:4      | Found Duny's General Store.
  3320 | D:4      | HP: 9/35 [worker ant (6)]
  3321 | D:4      | HP: 3/35 [worker ant (6)]
  3326 | D:4      | Reached skill level 5 in Maces & Flails
  3418 | D:4      | Gained mutation: You have a pair of small horns on your head. [demonic ancestry]
  3418 | D:4      | Reached XP level 5. HP: 26/41 MP: 5/5
  3606 | D:4      | Found a deep blue altar of Sif Muna.
  3627 | D:4      | HP: 9/41 [orc priest/divine providence (16)]
  3639 | D:4      | Reached skill level 6 in Maces & Flails
  3651 | D:4      | Reached XP level 6. HP: 38/47 MP: 6/6
  4124 | D:5      | Entered Level 5 of the Dungeon
  4516 | D:5      | Reached skill level 7 in Maces & Flails
  4881 | D:5      | Found an opulent altar of Gozag.
  4883 | D:5      | Found a shattered altar of Ashenzari.
  4886 | D:5      | Found a burning altar of Makhleb.
  4899 | D:4      | Gained mutation: You are immune to clouds of flame. [demonic ancestry]
  4899 | D:4      | Reached XP level 7. HP: 41/52 MP: 7/7
  4901 | D:4      | Reinheirdt: Hey, good luck in your run
  5067 | D:5      | Found an ancient bone altar of Kikubaaqudgha.
  5080 | D:5      | Reached skill level 8 in Maces & Flails
  5880 | D:6      | Found a shattered altar of Ashenzari.
  6107 | D:6      | Noticed epen's ghost (novice MfMo)
  6119 | D:6      | Reached XP level 8. HP: 44/60 MP: 8/8
  6155 | D:6      | HP: 14/60 [epen's ghost (6)]
  6158 | D:6      | Killed epen's ghost
  6158 | D:6      | Reached skill level 5 in Fighting
  6158 | D:6      | Reached skill level 9 in Maces & Flails
  6537 | D:6      | Found a runed door.
  6538 | D:6      | Noticed Crazy Yiuf
  6538 | D:6      | Killed Crazy Yiuf
  6823 | D:6      | Reached skill level 10 in Maces & Flails
  7302 | D:6      | Gained mutation: You have a pair of horns on your head. [demonic ancestry]
  7302 | D:6      | Reached XP level 9. HP: 69/69 MP: 9/9
  7412 | D:7      | Found a staircase to the Ecumenical Temple.
  7420 | Temple   | Entered the Ecumenical Temple
  7541 | Temple   | Became a worshipper of Warmaster Okawaru
  7541 | Temple   | Reached * piety under Okawaru
  7541 | Temple   | Reached ** piety under Okawaru
  7614 | D:7      | Found a glowing golden altar of the Shining One.
  7615 | D:7      | Found a glowing silver altar of Zin.
  7616 | D:7      | Found a white marble altar of Elyvilon.
  7740 | D:7      | Found a shadowy altar of Dithmenos.
  7744 | D:7      | Found a radiant altar of Vehumet.
  7888 | D:7      | Reached skill level 1 in Invocations
  8033 | D:7      | Reached skill level 6 in Fighting
  8033 | D:7      | Reached skill level 2 in Invocations
  8087 | D:7      | Found a blossoming altar of Fedhas.
  8841 | D:8      | Reached skill level 11 in Maces & Flails
  9166 | D:7      | Reached *** piety under Okawaru
  9542 | D:8      | Reached skill level 7 in Fighting
 10184 | D:8      | Reached XP level 10. HP: 79/79 MP: 11/11
 10334 | D:9      | Gained mutation: You have sharp toenails. [potion of beneficial mutation]
 10343 | D:9      | Found a huge runed gate.
 10343 | D:9      | Found a huge runed gate.
 10343 | D:9      | Found a huge runed gate.
 10343 | D:9      | Found a huge runed gate.
 10353 | D:9      | Noticed a griffon
 10445 | D:9      | Found an opulent altar of Gozag.
 10474 | D:9      | Reached skill level 12 in Maces & Flails
 10490 | D:9      | Reached **** piety under Okawaru
 10563 | D:9      | Noticed Ferkelamun's ghost (journeyman HuFi)
 10846 | D:9      | HP: 23/80 [Ferkelamun's ghost (8)]
 10855 | D:8      | Reached skill level 8 in Fighting
 11340 | D:9      | Found a sparkling altar of Nemelex Xobeh.
 11514 | D:9      | HP: 17/80 [Ferkelamun's ghost (12)]
 12176 | D:10     | Entered Level 10 of the Dungeon
 12198 | D:10     | Noticed an unseen horror
 12249 | D:10     | Killed an unseen horror
 12443 | D:10     | Noticed Urug
 12463 | D:10     | Noticed an oklob plant
 12631 | D:10     | Found a staircase to the Lair.
 12653 | D:10     | Received a gift from Okawaru
 12653 | D:10     | Reached skill level 13 in Maces & Flails
 12661 | D:10     | Found a glowing silver altar of Zin.
 12907 | D:10     | Noticed a hill giant
 12948 | D:10     | Killed a hill giant
 12956 | D:10     | Reached skill level 9 in Fighting
 12956 | D:10     | Reached XP level 11. HP: 39/89 MP: 10/12
 13567 | D:11     | Noticed Harold
 13588 | D:10     | HP: 26/89 [troll (13)]
 13595 | D:10     | HP: 16/89 [troll (2)]
 13597 | D:10     | Slain by a troll

Vault maps used:
D:1:      dpeg_arrival_long_road
D:2:      fedhas_altar_2
D:3:      minivault_14
D:4:      nicolae_overflow_hidden_temple, first_bread, serial_shops,
          kennysheep_mini
D:5:      grunt_temple_overflow_open, old_standard_altar, nrook_loot_triangle
D:6:      cheibrodos_ashenzari_chains, uniq_pikel, uniq_crazy_yiuf_cottage
D:7:      good_gods_temple_1, marbit_many_paths, fiery_altar_vehumet,
          grunt_dithmenos_smoke
D:9:      lemuel_bear_cage, overflow_temple_1_default, basic_altar,
          hangedman_fish_farm, bh_walls_and_bars
D:10:     dpeg_oklobed_lair, orc_0_dummy, basic_altar, minmay_misc_feat_plants,
          tgw_xom, uniq_urug
D:11:     serial_shops, shop, portal_ice_cave_rime, lightli_airlock, uniq_harold
Temple:   nicolae_temple_figure_zero

Skill      XL: |  1  2  3  4  5  6  7  8  9 10 |
---------------+-------------------------------+-----
Maces & Flails | 3 4 5 6 7 8 10 11 13 | 13.3
Fighting       | 5 7 9 |  9.0
Invocations    | 2 |  2.0
Dodging        | |  2.6
Stealth        | |  1.7

Action                   |  1- 3 |  4- 6 |  7- 9 | 10-12 || total
-------------------------+-------+-------+-------+-------++-------
Melee: Mace              |   184 |    72 |       |       ||   256
       Headbutt          |       |    15 |   116 |    69 ||   200
       Flail             |       |   108 |   144 |   262 ||   514
       Morningstar       |       |       |   409 |    83 ||   492
       Punch             |       |       |       |     1 ||     1
 Fire: Hand crossbow     |       |       |       |    47 ||    47
Throw: Tomahawk          |     1 |    11 |    19 |    12 ||    43
Invok: Heroism           |       |       |     5 |    10 ||    15
  Use: Scroll            |     7 |     6 |     5 |     4 ||    22
       Potion            |       |     4 |     1 |     1 ||     6
 Stab: Sleeping          |     5 |       |     7 |     1 ||    13
  Eat: Chunk             |     5 |     7 |    18 |     9 ||    39
       Pizza             |       |       |       |     1 ||     1
       Royal jelly       |       |       |       |     1 ||     1
Armor: Robe              |    22 |       |       |       ||    22
       Scale mail        |    55 |    85 |   274 |   142 ||   556
       Skin              |       |    10 |       |       ||    10
       Chain mail        |       |       |       |     4 ||     4
Dodge: Dodged            |   113 |    84 |   267 |   147 ||   611

Table legend:
 A = Turns spent in this place as a percentage of turns spent in the entire game.
 B = Non-inter-level travel turns spent in this place as a percentage of non-inter-level travel turns spent in the entire game.
 C = Inter-level travel turns spent in this place as a percentage of turns spent in this place.
 D = Turns resting spent in this place as a percentage of non-inter-level travel turns spent in this place.
 E = Turns spent auto-exploring this place as a percentage of non-inter-level travel turns spent in this place.
 F = Non-inter-level travel turns spent in this place divided by the number of levels of this place that you've seen.
                   A       B       C       D       E      F
               +-------+-------+-------+-------+-------+----------------------
         Total | 100.0 | 100.0 |   0.4 |   2.9 |   5.5 | 367.2
       Dungeon |  99.1 |  99.1 |   0.4 |   3.0 |   5.3 | 397.0
        Temple |   0.9 |   0.9 |   2.5 |   0.0 |  20.5 |  39.0
               +-------+-------+-------+-------+-------+----------------------

Vault maps used:
D:1:      dpeg_arrival_long_road
D:2:      fedhas_altar_2
D:3:      minivault_14
D:4:      nicolae_overflow_hidden_temple, first_bread, serial_shops,
          kennysheep_mini
D:5:      grunt_temple_overflow_open, old_standard_altar, nrook_loot_triangle
D:6:      cheibrodos_ashenzari_chains, uniq_pikel, uniq_crazy_yiuf_cottage
D:7:      good_gods_temple_1, marbit_many_paths, fiery_altar_vehumet,
          grunt_dithmenos_smoke
D:9:      lemuel_bear_cage, overflow_temple_1_default, basic_altar,
          hangedman_fish_farm, bh_walls_and_bars
D:10:     dpeg_oklobed_lair, orc_0_dummy, basic_altar, minmay_misc_feat_plants,
          tgw_xom, uniq_urug
D:11:     serial_shops, shop, portal_ice_cave_rime, lightli_airlock, uniq_harold
Temple:   nicolae_temple_figure_zero
